AoeStats
← Green Assassin

Pilgrims

507284609Analyzed
4v4 RM · 13d ago on Sep 17, 2026· 82m 36s· 8 players
Game mode
Random Map
Map size
Large (8 player)
Population
200
Speed
Normal
Resources
Standard
Victory
Conquest
Starting age
Dark Age
Ending age
Imperial Age
RankedLock teamsTeams togetherTeam positionsShared explorationLock speedFull tech treeHidden civsTurbo modeCheats
Victory
Defeat
🇨🇳 Cumans · China
1224
+15
🇭🇰 Magyars · Hong Kong SAR China
1222
+15
🇨🇳 Turks · China
1221
+15
1215
+15
🇩🇪 Poles · Germany
1227
-17
🇷🇴 Bulgarians · Romania
1207
-15
🇻🇳 Maya · Vietnam
1185
-14
🇩🇪 Saracens · Germany
1184
-14
Green Assassin
4:36 Loom
13:11 Feudal Age
17:27 Castle Age
16:19 Double-Bit Axe
17:39 Fletching
20:53 Medium Warships
22:06 Wheelbarrow
22:35 Scale Barding Armor
22:41 Forging
24:27 Bloodlines
24:37 Husbandry
27:03 Fishing Lines
29:49 Horse Collar
31:57 Gold Mining
32:19 Stone Mining
37:23 Imperial Age
35:48 Caravan
37:07 Chain Barding Armor
37:23 Iron Casting
39:57 Plate Barding Armor
40:33 Blast Furnace
40:44 Elite Mameluke
43:15 Conscription
43:27 Hand Cart
47:29 Heavy Warships
50:14 Bodkin Arrow
53:08 Bracer
56:46 Light Cavalry
57:43 Elite Skirmisher
58:29 Thumb Ring
61:55 Chemistry
61:22 Ballistics
60:58 Heavy Camel Rider
64:20 Elite Cannon Galleon
67:35 Masonry
67:33 Siege Engineers
67:31 Padded Archer Armor
75:17 Leather Archer Armor
76:59 Hussar
nguyenhoanglan060
12:58 Feudal Age
12:49 Loom
13:55 Fishing Lines
18:27 Castle Age
20:17 Pikeman
28:00 Wheelbarrow
27:36 Double-Bit Axe
29:04 Eagle Warrior
30:29 Bow Saw
30:18 Gillnets
34:32 Imperial Age
32:52 Forging
33:04 Hand Cart
34:16 Gold Mining
37:02 Ballistics
36:37 Fletching
36:48 Padded Archer Armor
37:04 Bodkin Arrow
38:26 Squires
39:04 Bracer
39:19 Leather Archer Armor
41:07 Stone Mining
41:00 Elite Plumed Archer
42:09 Conscription
43:18 Ring Archer Armor
43:51 Chemistry
44:04 Forging
43:54 Scale Mail Armor
44:41 Halberdier
47:41 Iron Casting
47:29 Chain Mail Armor
53:31 Blast Furnace
53:23 Masonry
52:58 Treadmill Crane
55:57 Plate Mail Armor
59:53 Hul'che Javelineers
69:23 Eagle Warrior
70:24 Arson
74:22 Elite Eagle Warrior
Heini
RoaZorro
Hbx_蒙古国海军司令
14:11 Feudal Age
18:21 Castle Age
16:37 Double-Bit Axe
17:08 Gold Mining
18:26 Scale Barding Armor
18:32 Forging
19:25 Husbandry
19:35 Bloodlines
19:35 Fishing Lines
20:58 Gold Shaft Mining
21:09 Chain Barding Armor
24:52 Stone Mining
25:34 Bow Saw
25:09 Horse Collar
26:13 Stone Shaft Mining
25:53 Gillnets
26:49 Fletching
27:00 Padded Archer Armor
28:00 Ballistics
27:39 Bodkin Arrow
34:34 Heavy Plow
39:25 Imperial Age
36:41 Loom
37:32 Wheelbarrow
37:34 Thumb Ring
40:21 Hand Cart
39:52 Town Watch
41:31 Chemistry
40:37 Siege Engineers
40:43 Masonry
41:01 Conscription
42:07 Hoardings
42:13 Elite Mangudai
43:01 Bracer
43:19 Leather Archer Armor
57:09 Drill
66:18 Light Cavalry
68:45 Hussar
秋意凛
神山菊花
7:10 Loom
11:25 Feudal Age
12:26 Double-Bit Axe
13:03 Fishing Lines
13:53 Bloodlines
18:21 Scale Barding Armor
22:14 Castle Age
22:17 Light Cavalry
22:58 Husbandry
26:01 Wheelbarrow
25:12 Town Watch
27:05 Horse Collar
27:42 Bow Saw
29:53 Gillnets
31:27 Hand Cart
31:14 Heavy Plow
31:08 Gold Mining
35:25 Imperial Age
33:35 Chain Barding Armor
35:33 Cavalier
37:37 Crop Rotation
38:10 Two-Man Saw
38:02 Plate Barding Armor
38:40 Gold Shaft Mining
38:34 Conscription
40:14 Paladin
47:22 Hussar
49:43 Coinage
49:15 Caravan
51:11 Banking
53:55 Fletching
58:32 Bodkin Arrow
59:30 Hoardings
61:20 Bracer
62:00 Recurve Bow
63:53 Thumb Ring
64:14 Parthian Tactics
78:01 Heavy Cavalry Archer
81:04 Padded Archer Armor
81:27 Recurve Bow
82:30 Leather Archer Armor
到此一游
Connection lost

Rejoining the realm…

Still unreachable

The connection could not be restored.

Session expired

The server has moved on; the page needs a fresh start.